 Dungeon Crawl Stone Soup version 0.21.1 (webtiles) character file.

135 Zhenya24pyc the Skirmisher (level 5, 0/34 HPs)
             Began as a Gargoyle Fighter on Feb 2, 2018.
             Slain by a goblin (2 damage)
             ... led by Robin
             ... on level 3 of the Dungeon.
             The game lasted 00:03:49 (1980 turns).

Zhenya24pyc the Skirmisher (Gargoyle Fighter)       Turns: 1980, Time: 00:03:50

Health: 0/34       AC: 10    Str: 20    XL:     5   Next: 18%
Magic:  5/5        EV:  7    Int:  9    God:
Gold:   113        SH:  9    Dex:  9    Spells: 4/4 levels left

rFire    . . .     SeeInvis .   a - +0 flail
rCold    . . .     Gourm    .   c - +0 shield
rNeg     + + .     Faith    .   b - +0 scale mail
rPois    ∞         Spirit   .   (no helmet)
rElec    +         Reflect  .   (no cloak)
rCorr    .         Harm     .   (no gloves)
MR       +....                  (no boots)
Stlth    ..........             (no amulet)
HPRegen  0.11/turn              e - ring of positive energy
MPRegen  0.09/turn              n - ring of protection from magic

@: no status effects
A: negative energy resistance 1, electricity resistance, unbreathing,
petrification resistance, rot immunity, AC +4
a: no special abilities


You were on level 3 of the Dungeon.
You were hungry.

You visited 1 branch of the dungeon, and saw 3 of its levels.

You collected 113 gold pieces.

Inventory:

Hand Weapons
 a - a +0 flail (weapon)
Armour
 b - a +0 scale mail (worn)
 c - a +0 shield (worn)
Jewellery
 e - a ring of positive energy (left hand)
 n - a ring of protection from magic (right hand)
Wands
 h - a wand of polymorph (2)
Scrolls
 i - a scroll of random uselessness {unknown}
 j - 4 scrolls of identify {unknown}
 l - a scroll of fog {unknown}
 m - 3 scrolls of enchant weapon {unknown}
Potions
 d - a potion of might
 g - 3 potions of invisibility {unknown}
 k - a potion of cancellation {unknown}
 o - 2 potions of curing {unknown}
 p - a potion of flight {unknown}
Comestibles
 f - 4 rations


   Skills:
 + Level 4.3 Fighting
 * Level 4.2 Maces & Flails
 - Level 3.2 Armour
 + Level 0.8 Dodging
 - Level 3.2 Shields


You had 4 spell levels left.
You didn't know any spells.

Dungeon Overview and Level Annotations

Branches:
Dungeon (3/15)

Altars:

Annotations:
D:3 Robin


Innate Abilities, Weirdness & Mutations

You are resistant to torment.
Your stone body is resilient. (AC +4)
You are immune to poison.
You resist negative energy. (rN+)
You are resistant to electric shocks. (rElec)
You can survive without breathing.
You are immune to petrification.
You are immune to rotting.


Message History

The goblin hits you.
* * * LOW HITPOINT WARNING * * *
You closely miss the goblin. The goblin hits you but does no damage.
You block the goblin's attack. Robin barely misses you.
You barely miss the goblin. The goblin closely misses you.
You block the goblin's attack. You block Robin's attack.
Unknown command.
You sock Robin!
Robin is heavily wounded.
The goblin hits you but does no damage. The goblin hits you.
* * * LOW HITPOINT WARNING * * *
You block the goblin's attack.
Robin says, "My goblins will feast on your bones."
You hit Robin.
Robin is heavily wounded.
The goblin barely misses you. You block the goblin's attack.
Robin roars a battlecry!
The goblins go into a battle-frenzy!
The goblin hits you.
You die...

.. ... ###. ..# ..
....## ..##.. . #. ..#
..... #. #. #.##...#
##.##.##..#.#l##
#.............gggg.#..
..#..........#gggg...#
............#@#......
#..........#g##..##.
#..........#g......
#...................
#.............#.# ..
#(.........#.... .
#####(.........##....
#....(.)...†...#..#...
#..................


You could see Robin, a hobgoblin, 8 goblins and a frilled lizard.

Vanquished Creatures
  Ijyb (D:2)
  A worker ant (D:2)
  3 adders
  4 orcs
  2 ball pythons
  9 bats
  5 giant cockroaches
  5 hobgoblins
  5 jackals
  2 quokkas (D:2)
  2 frilled lizards (D:1)
  5 goblins
  7 kobolds
  2 rats
53 creatures vanquished.

Notes
Turn   | Place    | Note
-------+----------+-------------------------------------------
     0 | D:1      | Zhenya24pyc the Gargoyle Fighter began the quest for the Orb.
     0 | D:1      | Reached XP level 1. HP: 14/14 MP: 1/1
   233 | D:1      | Reached XP level 2. HP: 19/19 MP: 2/2
   767 | D:1      | Reached XP level 3. HP: 24/24 MP: 3/3
  1279 | D:2      | Reached XP level 4. HP: 29/29 MP: 4/4
  1650 | D:3      | Noticed Ijyb
  1799 | D:2      | Killed Ijyb
  1799 | D:2      | Reached XP level 5. HP: 9/34 MP: 5/5
  1964 | D:3      | Noticed Robin
  1980 | D:3      | Slain by a goblin

Skill      XL: |  1  2  3  4 |
---------------+-------------+-----
Maces & Flails | 3 4 |  4.2
Fighting       | 4 |  4.3
Armour         | |  3.2
Dodging        | |  0.8
Shields        | |  3.2

Action                   |  1- 3 |  4- 6 || total
-------------------------+-------+-------++-------
Melee: Flail             |   159 |    75 ||   234
       Unarmed           |       |    13 ||    13
  Eat: Chunk             |     2 |     1 ||     3
Armor: Scale mail        |   127 |    46 ||   173
Dodge: Dodged            |    51 |    55 ||   106
Block: Shield            |   117 |    41 ||   158
